Workbook

Sheet Лист1
C1: 352330 Краснодарский край г.Усть-Лабинск ул.Крепостная,10 | I1: ИТОГО | J1: =E327 -> 0 | K1: =F327 -> 0 | DI1: Почтовые услуги
C2: т/ф.8(86135) 5-000-5 т/ф.8(86135) 4-00-98
C3: Мессенджеры Telegram/Мах по тел.+7(918)68-55-68-9
D4: Адрес электронной почты: | E4: capris-info@rambler.ru | G4: НОВИНКИ
D5: Адрес резервной почты: | E5: capris-info@mail.ru | G5: ПРОФ упаковка
D6: Адрес резервной почты: | E6: capris-info@yandex.ru
B7: Прайс-лист - действителен с 11.06.26г.
A8: Наименование культуры | B8: Количество грамм в пакете | C8: Цена за пакет ( с НДС 5%) | D8: Цена за упаковку (20 пакетов) | E8: Ваш заказ | F8: Сумма | G8: ШТРИХ КОДЫ
CU9: =SUM(CU12:CU326) -> 0
CT11: наименование | CU11: заказ | CV11: цена | DB11: заказ | DC11: цена | DE11: номинал/исходное значение/ | DI11: Наинование-загрузка | DJ11: заказ | DK11: цена | DL11: сумма-загрузка
A12: Агератум Голубой (Голубое море) (Каприс) | B12: 0.2 | C12: 17.27 | D12: =C12*20 -> 345.4 | F12: =E12*D12 -> 0 | G12: 4607164060015 | I12: ц | DA12: Агератум Голубой (Голубое море) (Каприс) | DB12: =VLOOKUP(DA12,$CT$12:$CU$326,2,0) -> #N/A | DC12: =VLOOKUP(DA12,$CT$12:$CV$326,3,0) -> #N/A | DE12: 270 | DI12: Агератум Голубой (Голубое море) п.4528 уп | DJ12: =E12 -> 0 | DK12: =D12 -> 345.4 | DL12: =DK12*DJ12 -> 0 | DN12: 1 | GO12: =C12+2 -> 19.27 | GP12: =GO12*20 -> 385.4
A13: Алиссум Лимонад, (многолетний, желтый) (Каприс) | B13: 0.3 | C13: 15.7 | D13: =C13*20 -> 314 | F13: =E13*D13 -> 0 | G13: 4607164061685 | I13: ц | DA13: Алиссум Лимонад, (многолетний, желтый) (Каприс) | DB13: =VLOOKUP(DA13,$CT$12:$CU$326,2,0) -> #N/A | DC13: =VLOOKUP(DA13,$CT$12:$CV$326,3,0) -> #N/A | DE13: 250 | DI13: Алиссум Лимонад, желтый мног. п.4465 уп | DJ13: =E13 -> 0 | DK13: =D13 -> 314 | DL13: =DK13*DJ13 -> 0 | DN13: 2 | GO13: =C13+2 -> 17.7 | GP13: =GO13*20 -> 354
A14: Амарант Султан (метельчатый) (Каприс) | B14: 1 | C14: 15.7 | D14: =C14*20 -> 314 | F14: =E14*D14 -> 0 | G14: 4607164060039 | I14: ц | DA14: Амарант Султан (метельчатый) (Каприс) | DB14: =VLOOKUP(DA14,$CT$12:$CU$326,2,0) -> #N/A | DC14: =VLOOKUP(DA14,$CT$12:$CV$326,3,0) -> #N/A | DE14: 250 | DI14: Амарант Метельчатый, Султан п.4517 уп | DJ14: =E14 -> 0 | DK14: =D14 -> 314 | DL14: =DK14*DJ14 -> 0 | DN14: 3 | GO14: =C14+2 -> 17.7 | GP14: =GO14*20 -> 354
A15: Амарант хвостатый Аристократ (Каприс) | B15: 1 | C15: 15.7 | D15: =C15*20 -> 314 | F15: =E15*D15 -> 0 | G15: 4607164060022 | I15: ц | DB15: =VLOOKUP(DA15,$CT$12:$CU$326,2,0) -> #N/A | DC15: =VLOOKUP(DA15,$CT$12:$CV$326,3,0) -> #N/A | DI15: Амарант хвостатый Аристократ п.4570 уп | DJ15: =E15 -> 0 | DK15: =D15 -> 314 | DL15: =DK15*DJ15 -> 0
A16: Астра Аврора (Принцесса Св-розовая) (Каприс) | B16: 0.3 | C16: 15.7 | D16: =C16*20 -> 314 | F16: =E16*D16 -> 0 | G16: 4607164063542 | I16: ц | CZ16: УП30201904 | DA16: Астра Аврора (Принцесса Св-розовая) (Каприс) | DB16: =VLOOKUP(DA16,$CT$12:$CU$326,2,0) -> #N/A | DC16: =VLOOKUP(DA16,$CT$12:$CV$326,3,0) -> #N/A | DE16: =D16+50 -> 364 | DI16: Астра Аврора п.4246 уп | DJ16: =E16 -> 0 | DK16: =D16 -> 314 | DL16: =DK16*DJ16 -> 0 | DN16: 5 | GO16: =C16+2 -> 17.7 | GP16: =GO16*20 -> 354
A17: Астра Арлекино Белая (Каприс) | B17: 1 | C17: 15.7 | D17: =C17*20 -> 314 | F17: =E17*D17 -> 0 | G17: 4607164060268 | I17: ц | DA17: Астра Арлекино Белая (Каприс) | DB17: =VLOOKUP(DA17,$CT$12:$CU$326,2,0) -> #N/A | DC17: =VLOOKUP(DA17,$CT$12:$CV$326,3,0) -> #N/A | DE17: 250 | DF17: 9359980 | DG17: 11126 | DI17: Астра Арлекино Белая п.2467 уп | DJ17: =E17 -> 0 | DK17: =D17 -> 314 | DL17: =DK17*DJ17 -> 0 | DN17: 6 | GO17: =C17+2 -> 17.7 | GP17: =GO17*20 -> 354
A18: Астра Баретта Светло-красная (Каприс) | B18: 1 | C18: 15.7 | D18: =C18*20 -> 314 | F18: =E18*D18 -> 0 | G18: 4607164060091 | I18: ц | DA18: Астра Баретта Светло-красная (Каприс) | DB18: =VLOOKUP(DA18,$CT$12:$CU$326,2,0) -> #N/A | DC18: =VLOOKUP(DA18,$CT$12:$CV$326,3,0) -> #N/A | DE18: 250 | DF18: 9359975 | DG18: 11126 | DH18: КОРАЛЛ | DI18: Астра Баретта светло-красная п.3167 уп | DJ18: =E18 -> 0 | DK18: =D18 -> 314 | DL18: =DK18*DJ18 -> 0 | DN18: 10 | GO18: =C18+2 -> 17.7 | GP18: =GO18*20 -> 354
A19: Астра Беатриса (Каприс) | B19: 0.5 | C19: 15.7 | D19: =C19*20 -> 314 | F19: =E19*D19 -> 0 | G19: 4607164065676 | I19: ц | DA19: Астра Беатриса (Каприс) | DB19: =VLOOKUP(DA19,$CT$12:$CU$326,2,0) -> #N/A | DC19: =VLOOKUP(DA19,$CT$12:$CV$326,3,0) -> #N/A | DE19: 250 | DI19: Астра Беатриса п.3526 уп | DJ19: =E19 -> 0 | DK19: =D19 -> 314 | DL19: =DK19*DJ19 -> 0 | DN19: 11 | GO19: =C19+2 -> 17.7 | GP19: =GO19*20 -> 354
A20: Астра Венеция Принцесса Желтая (Каприс) | B20: 0.3 | C20: 15.7 | D20: =C20*20 -> 314 | F20: =E20*D20 -> 0 | G20: 4607164063535 | I20: ц | DA20: Астра Венеция Принцесса Желтая (Каприс) | DB20: =VLOOKUP(DA20,$CT$12:$CU$326,2,0) -> #N/A | DC20: =VLOOKUP(DA20,$CT$12:$CV$326,3,0) -> #N/A | DE20: 250 | DI20: Астра Венеция п.3785 уп | DJ20: =E20 -> 0 | DK20: =D20 -> 314 | DL20: =DK20*DJ20 -> 0 | DN20: 12 | GO20: =C20+2 -> 17.7 | GP20: =GO20*20 -> 354
A21: Астра Герцогиня Пионовидная кремовая (Каприс) | B21: 0.5 | C21: 15.7 | D21: =C21*20 -> 314 | F21: =E21*D21 -> 0 | G21: 4607164064884 | I21: ц | DA21: Астра Герцогиня Пионовидная кремовая (Каприс) | DB21: =VLOOKUP(DA21,$CT$12:$CU$326,2,0) -> #N/A | DC21: =VLOOKUP(DA21,$CT$12:$CV$326,3,0) -> #N/A | DE21: 250 | DI21: Астра Герцогиня п.4263 уп | DJ21: =E21 -> 0 | DK21: =D21 -> 314 | DL21: =DK21*DJ21 -> 0 | DN21: 13 | GO21: =C21+2 -> 17.7 | GP21: =GO21*20 -> 354
A22: Астра Дарья (Каприс) | B22: 0.5 | C22: 15.7 | D22: =C22*20 -> 314 | F22: =E22*D22 -> 0 | G22: 4607164063412 | I22: ц | DA22: Астра Дарья (Каприс) | DB22: =VLOOKUP(DA22,$CT$12:$CU$326,2,0) -> #N/A | DC22: =VLOOKUP(DA22,$CT$12:$CV$326,3,0) -> #N/A | DE22: 250 | DI22: Астра Дарья п.4549 уп | DJ22: =E22 -> 0 | DK22: =D22 -> 314 | DL22: =DK22*DJ22 -> 0 | DN22: 14 | GO22: =C22+2 -> 17.7 | GP22: =GO22*20 -> 354
A23: Астра Изабелла Принцесса тем-фиолет. (Каприс) | B23: 0.5 | C23: 15.7 | D23: =C23*20 -> 314 | F23: =E23*D23 -> 0 | G23: 4607164063498 | I23: ц | DA23: Астра Изабелла Принцесса тем-фиолет. (Каприс) | DB23: =VLOOKUP(DA23,$CT$12:$CU$326,2,0) -> #N/A | DC23: =VLOOKUP(DA23,$CT$12:$CV$326,3,0) -> #N/A | DE23: 250 | DI23: Астра Изабелла п.3694 уп | DJ23: =E23 -> 0 | DK23: =D23 -> 314 | DL23: =DK23*DJ23 -> 0 | DN23: 16 | GO23: =C23+2 -> 17.7 | GP23: =GO23*20 -> 354
A24: Астра Искушение жёлтая (Каприс) | B24: 0.5 | C24: 15.7 | D24: =C24*20 -> 314 | F24: =E24*D24 -> 0 | G24: 4607164062743 | I24: ц | DA24: Астра Искушение жёлтая (Каприс) | DB24: =VLOOKUP(DA24,$CT$12:$CU$326,2,0) -> #N/A | DC24: =VLOOKUP(DA24,$CT$12:$CV$326,3,0) -> #N/A | DE24: 250 | DI24: Астра Искушение жёлтая п.4249 уп | DJ24: =E24 -> 0 | DK24: =D24 -> 314 | DL24: =DK24*DJ24 -> 0 | DN24: 18 | GO24: =C24+2 -> 17.7 | GP24: =GO24*20 -> 354
A25: Астра Искушение красная (Каприс) | B25: 1 | C25: 15.7 | D25: =C25*20 -> 314 | F25: =E25*D25 -> 0 | G25: 4607164062767 | I25: ц | DA25: Астра Искушение красная (Каприс) | DB25: =VLOOKUP(DA25,$CT$12:$CU$326,2,0) -> #N/A | DC25: =VLOOKUP(DA25,$CT$12:$CV$326,3,0) -> #N/A | DE25: 250 | DI25: Астра Искушение красная п.3161 уп | DJ25: =E25 -> 0 | DK25: =D25 -> 314 | DL25: =DK25*DJ25 -> 0 | DN25: 19 | GO25: =C25+2 -> 17.7 | GP25: =GO25*20 -> 354
A26: Астра Искушение лососевая (Каприс) | B26: 1 | C26: 15.7 | D26: =C26*20 -> 314 | F26: =E26*D26 -> 0 | G26: 4607164062989 | I26: ц | DA26: Астра Искушение лососевая (Каприс) | DB26: =VLOOKUP(DA26,$CT$12:$CU$326,2,0) -> #N/A | DC26: =VLOOKUP(DA26,$CT$12:$CV$326,3,0) -> #N/A | DE26: 250 | DI26: Астра Искушение лососевая п.4248 уп | DJ26: =E26 -> 0 | DK26: =D26 -> 314 | DL26: =DK26*DJ26 -> 0 | DN26: 20 | GO26: =C26+2 -> 17.7 | GP26: =GO26*20 -> 354
A27: Астра Кармен (Каприс) | B27: 1 | C27: 15.7 | D27: =C27*20 -> 314 | F27: =E27*D27 -> 0 | G27: 4607164060411 | I27: ц | DA27: Астра Кармен (Каприс) | DB27: =VLOOKUP(DA27,$CT$12:$CU$326,2,0) -> #N/A | DC27: =VLOOKUP(DA27,$CT$12:$CV$326,3,0) -> #N/A | DE27: 250 | DF27: 9359976 | DG27: 11126 | DI27: Астра Кармен п.3691 уп | DJ27: =E27 -> 0 | DK27: =D27 -> 314 | DL27: =DK27*DJ27 -> 0 | DN27: 22 | GO27: =C27+2 -> 17.7 | GP27: =GO27*20 -> 354
A28: Астра Королева осени (Каприс) | B28: 0.5 | C28: 15.7 | D28: =C28*20 -> 314 | F28: =E28*D28 -> 0 | G28: 4607164065331 | I28: ц | DA28: Астра Королева осени (Каприс) | DB28: =VLOOKUP(DA28,$CT$12:$CU$326,2,0) -> #N/A | DC28: =VLOOKUP(DA28,$CT$12:$CV$326,3,0) -> #N/A | DE28: 250 | DI28: Астра Королева осени п.4515 уп | DJ28: =E28 -> 0 | DK28: =D28 -> 314 | DL28: =DK28*DJ28 -> 0 | DN28: 23 | GO28: =C28+2 -> 17.7 | GP28: =GO28*20 -> 354
A29: Астра Лада (Каприс) | B29: 0.3 | C29: 15.7 | D29: =C29*20 -> 314 | F29: =E29*D29 -> 0 | G29: 4607164067120 | I29: ц | DA29: Астра Лада (Каприс) | DB29: =VLOOKUP(DA29,$CT$12:$CU$326,2,0) -> #N/A | DC29: =VLOOKUP(DA29,$CT$12:$CV$326,3,0) -> #N/A | DE29: 250 | DI29: Астра Лада п.4405 уп | DJ29: =E29 -> 0 | DK29: =D29 -> 314 | DL29: =DK29*DJ29 -> 0 | DN29: 24 | GO29: =C29+2 -> 17.7 | GP29: =GO29*20 -> 354
A30: Астра Легкий ветерок (Каприс) | B30: 0.3 | C30: 15.7 | D30: =C30*20 -> 314 | F30: =E30*D30 -> 0 | G30: 4607164067182 | I30: ц | DA30: Астра Легкий ветерок (Каприс) | DB30: =VLOOKUP(DA30,$CT$12:$CU$326,2,0) -> #N/A | DC30: =VLOOKUP(DA30,$CT$12:$CV$326,3,0) -> #N/A | DE30: 250 | DI30: Астра Легкий ветерок п.3910 уп | DJ30: =E30 -> 0 | DK30: =D30 -> 314 | DL30: =DK30*DJ30 -> 0 | DN30: 26 | GO30: =C30+2 -> 17.7 | GP30: =GO30*20 -> 354
A31: Астра Лунная фея (Каприс) | B31: 1 | C31: 15.7 | D31: =C31*20 -> 314 | F31: =E31*D31 -> 0 | G31: 4607164062569 | I31: ц | DA31: Астра Лунная фея (Каприс) | DB31: =VLOOKUP(DA31,$CT$12:$CU$326,2,0) -> #N/A | DC31: =VLOOKUP(DA31,$CT$12:$CV$326,3,0) -> #N/A | DE31: 250 | DI31: Астра Лунная фея п.3174 уп | DJ31: =E31 -> 0 | DK31: =D31 -> 314 | DL31: =DK31*DJ31 -> 0 | DN31: 27 | GO31: =C31+2 -> 17.7 | GP31: =GO31*20 -> 354
A32: Астра Небесная лазурь Принцесса голубая (Каприс) | B32: 0.5 | C32: 15.7 | D32: =C32*20 -> 314 | F32: =E32*D32 -> 0 | G32: 4607164063108 | I32: ц | DA32: Астра Небесная лазурь Принцесса голубая (Каприс) | DB32: =VLOOKUP(DA32,$CT$12:$CU$326,2,0) -> #N/A | DC32: =VLOOKUP(DA32,$CT$12:$CV$326,3,0) -> #N/A | DE32: 250 | DF32: 9359990 | DG32: 11126 | DI32: Астра Небесная лазурь п.3940 уп | DJ32: =E32 -> 0 | DK32: =D32 -> 314 | DL32: =DK32*DJ32 -> 0 | DN32: 29 | GO32: =C32+2 -> 17.7 | GP32: =GO32*20 -> 354
A33: Астра Осения (Каприс) | B33: 0.5 | C33: 15.7 | D33: =C33*20 -> 314 | F33: =E33*D33 -> 0 | G33: 4607164062699 | I33: ц | DA33: Астра Осения (Каприс) | DB33: =VLOOKUP(DA33,$CT$12:$CU$326,2,0) -> #N/A | DC33: =VLOOKUP(DA33,$CT$12:$CV$326,3,0) -> #N/A | DE33: 250 | DI33: Астра Осения п.3771 уп | DJ33: =E33 -> 0 | DK33: =D33 -> 314 | DL33: =DK33*DJ33 -> 0 | DN33: 31 | GO33: =C33+2 -> 17.7 | GP33: =GO33*20 -> 354
A34: Астра Пионовидная Голубая лагуна (Каприс) | B34: 1 | C34: 15.7 | D34: =C34*20 -> 314 | F34: =E34*D34 -> 0 | G34: 4607164060152 | I34: ц | DA34: Астра Пионовидная Голубая лагуна (Каприс) | DB34: =VLOOKUP(DA34,[1]закончившиеся!$CV$281:$CW$281,2,0) -> #N/A | DC34: =VLOOKUP(DA34,[1]закончившиеся!$CV$281:$CX$281,3,0) -> #N/A | DE34: 250 | DF34: 9359988 | DG34: 11126 | DI34: Астра Пионовидная Голубая Лагуна п.4564 уп | DJ34: =E34 -> 0 | DK34: =D34 -> 314 | DL34: =DK34*DJ34 -> 0 | DN34: 32 | GO34: =C34+2 -> 17.7 | GP34: =GO34*20 -> 354
A35: Астра Помпонная красная Анита (Каприс) | B35: 1 | C35: 15.7 | D35: =C35*20 -> 314 | F35: =E35*D35 -> 0 | G35: 4607164060046 | I35: ц | DA35: Астра Помпонная красная Анита (Каприс) | DB35: =VLOOKUP(DA35,$CT$12:$CU$326,2,0) -> #N/A | DC35: =VLOOKUP(DA35,$CT$12:$CV$326,3,0) -> #N/A | DE35: 250 | DF35: 9359995 | DG35: 11126 | DH35: ТОРЕАДОР | DI35: Астра Помпонная красная Анита п.3450 уп | DJ35: =E35 -> 0 | DK35: =D35 -> 314 | DL35: =DK35*DJ35 -> 0 | DN35: 34 | GO35: =C35+2 -> 17.7 | GP35: =GO35*20 -> 354
A36: Астра Серебряная Башня фиолетовая (Каприс) | B36: 0.5 | C36: 15.7 | D36: =C36*20 -> 314 | F36: =E36*D36 -> 0 | G36: 4607164067175 | I36: ц | DA36: Астра Серебряная Башня фиолетовая (Каприс) | DB36: =VLOOKUP(DA36,$CT$12:$CU$326,2,0) -> #N/A | DC36: =VLOOKUP(DA36,$CT$12:$CV$326,3,0) -> #N/A | DE36: 250 | DI36: Астра Серебряная Башня фиолетовая п.3461 уп | DJ36: =E36 -> 0 | DK36: =D36 -> 314 | DL36: =DK36*DJ36 -> 0 | DN36: 43 | GO36: =C36+2 -> 17.7 | GP36: =GO36*20 -> 354
A37: Астра смесь Американская красавица (Каприс) | B37: 1 | C37: 15.7 | D37: =C37*20 -> 314 | F37: =E37*D37 -> 0 | G37: 4607164061913 | I37: ц | DA37: Астра смесь Американская красавица (Каприс) | DB37: =VLOOKUP(DA37,$CT$12:$CU$326,2,0) -> #N/A | DC37: =VLOOKUP(DA37,$CT$12:$CV$326,3,0) -> #N/A | DE37: 250 | DI37: Астра Смесь Американская красавица п.4193 уп | DJ37: =E37 -> 0 | DK37: =D37 -> 314 | DL37: =DK37*DJ37 -> 0 | DN37: 44 | GO37: =C37+2 -> 17.7 | GP37: =GO37*20 -> 354
A38: Астра смесь Арлекино (Каприс) | B38: 1 | C38: 15.7 | D38: =C38*20 -> 314 | F38: =E38*D38 -> 0 | G38: 4607164062774 | I38: ц | DA38: Астра смесь Арлекино (Каприс) | DB38: =VLOOKUP(DA38,$CT$12:$CU$326,2,0) -> #N/A | DC38: =VLOOKUP(DA38,$CT$12:$CV$326,3,0) -> #N/A | DE38: 250 | DI38: Астра Смесь Арлекино п.2489 уп | DJ38: =E38 -> 0 | DK38: =D38 -> 314 | DL38: =DK38*DJ38 -> 0 | DN38: 45 | GO38: =C38+2 -> 17.7 | GP38: =GO38*20 -> 354
A39: Астра смесь Вдохновение (Каприс) | B39: 2 | C39: 15.7 | D39: =C39*20 -> 314 | F39: =E39*D39 -> 0 | G39: 4607164060114 | I39: ц | DA39: Астра смесь Вдохновение (Каприс) | DB39: =VLOOKUP(DA39,$CT$12:$CU$326,2,0) -> #N/A | DC39: =VLOOKUP(DA39,$CT$12:$CV$326,3,0) -> #N/A | DE39: 250 | DI39: Астра Смесь Вдохновение п.4029 уп | DJ39: =E39 -> 0 | DK39: =D39 -> 314 | DL39: =DK39*DJ39 -> 0 | DN39: 46 | GO39: =C39+2 -> 17.7 | GP39: =GO39*20 -> 354
A40: Астра смесь Веселая (Каприс) | B40: 1.5 | C40: 15.7 | D40: =C40*20 -> 314 | F40: =E40*D40 -> 0 | G40: 4607164060145 | I40: ц | DA40: Астра смесь Веселая (Каприс) | DB40: =VLOOKUP(DA40,$CT$12:$CU$326,2,0) -> #N/A | DC40: =VLOOKUP(DA40,$CT$12:$CV$326,3,0) -> #N/A | DE40: 250 | DI40: Астра Смесь Веселая п.4191 уп | DJ40: =E40 -> 0 | DK40: =D40 -> 314 | DL40: =DK40*DJ40 -> 0 | DN40: 47 | GO40: =C40+2 -> 17.7 | GP40: =GO40*20 -> 354
A41: Астра смесь Веселая жизнь (Каприс) | B41: 1.5 | C41: 15.7 | D41: =C41*20 -> 314 | F41: =E41*D41 -> 0 | G41: 4607164062781 | I41: ц | DA41: Астра смесь Веселая жизнь (Каприс) | DB41: =VLOOKUP(DA41,$CT$12:$CU$326,2,0) -> #N/A | DC41: =VLOOKUP(DA41,$CT$12:$CV$326,3,0) -> #N/A | DE41: 250 | DI41: Астра Смесь Веселая жизнь п.4435 уп | DJ41: =E41 -> 0 | DK41: =D41 -> 314 | DL41: =DK41*DJ41 -> 0 | DN41: 48 | GO41: =C41+2 -> 17.7 | GP41: =GO41*20 -> 354
A42: Астра смесь Водевиль (см низкорослых) (Каприс) | B42: 1.5 | C42: 15.7 | D42: =C42*20 -> 314 | F42: =E42*D42 -> 0 | G42: 4607164062552 | I42: ц | DA42: Астра смесь Водевиль (см низкорослых) (Каприс) | DB42: =VLOOKUP(DA42,$CT$12:$CU$326,2,0) -> #N/A | DC42: =VLOOKUP(DA42,$CT$12:$CV$326,3,0) -> #N/A | DE42: 250 | DI42: Астра Смесь Водевиль низкорослая п.4448 уп | DJ42: =E42 -> 0 | DK42: =D42 -> 314 | DL42: =DK42*DJ42 -> 0 | DN42: 49 | GO42: =C42+2 -> 17.7 | GP42: =GO42*20 -> 354
A43: Астра смесь Звездное небо (Каприс) | B43: 1.5 | C43: 15.7 | D43: =C43*20 -> 314 | F43: =E43*D43 -> 0 | G43: 4607164060190 | I43: ц | DA43: Астра смесь Звездное небо (Каприс) | DB43: =VLOOKUP(DA43,$CT$12:$CU$326,2,0) -> #N/A | DC43: =VLOOKUP(DA43,$CT$12:$CV$326,3,0) -> #N/A | DE43: 250 | DI43: Астра Смесь Звездное небо п.4538 уп | DJ43: =E43 -> 0 | DK43: =D43 -> 314 | DL43: =DK43*DJ43 -> 0 | DN43: 50 | GO43: =C43+2 -> 17.7 | GP43: =GO43*20 -> 354
A44: Астра смесь Ирэна (маргариткоцветковая) (Каприс) | B44: 0.7 | C44: 15.7 | D44: =C44*20 -> 314 | F44: =E44*D44 -> 0 | G44: 4607164066130 | I44: ц | DA44: Астра смесь Ирэна (маргариткоцветковая) (Каприс) | DB44: =VLOOKUP(DA44,$CT$51:$CU$51,2,0) -> #N/A | DC44: =VLOOKUP(DA44,$CT$51:$CV$51,3,0) -> #N/A | DE44: 250 | DI44: Астра Смесь Ирэна п.4364 уп | DJ44: =E44 -> 0 | DK44: =D44 -> 314 | DL44: =DK44*DJ44 -> 0 | DN44: 51 | GO44: =C44+2 -> 17.7 | GP44: =GO44*20 -> 354
A45: Астра смесь Искушение худож. (Каприс) | B45: 1.5 | C45: 15.7 | D45: =C45*20 -> 314 | F45: =E45*D45 -> 0 | G45: 4607164061791 | I45: ц | DA45: Астра смесь Искушение худож. (Каприс) | DB45: =VLOOKUP(DA45,$CT$12:$CU$326,2,0) -> #N/A | DC45: =VLOOKUP(DA45,$CT$12:$CV$326,3,0) -> #N/A | DE45: 250 | DI45: Астра Смесь Искушение п.4449 уп | DJ45: =E45 -> 0 | DK45: =D45 -> 314 | DL45: =DK45*DJ45 -> 0 | DN45: 52 | GO45: =C45+2 -> 17.7 | GP45: =GO45*20 -> 354
A46: Астра смесь Классик (Каприс) | B46: 1 | C46: 15.7 | D46: =C46*20 -> 314 | F46: =E46*D46 -> 0 | G46: 4607164067359 | I46: ц | DA46: Астра смесь Классик (Каприс) | DB46: =VLOOKUP(DA46,$CT$12:$CU$326,2,0) -> #N/A | DC46: =VLOOKUP(DA46,$CT$12:$CV$326,3,0) -> #N/A | DE46: 250 | DI46: Астра Смесь Классик п.4434 уп | DJ46: =E46 -> 0 | DK46: =D46 -> 314 | DL46: =DK46*DJ46 -> 0 | DN46: 53 | GO46: =C46+2 -> 17.7 | GP46: =GO46*20 -> 354
A47: Астра смесь краллен Акварель (Каприс) | B47: 1.5 | C47: 15.7 | D47: =C47*20 -> 314 | F47: =E47*D47 -> 0 | G47: 4607164061920 | I47: ц | DA47: Астра смесь краллен Акварель (Каприс) | DB47: =VLOOKUP(DA47,$CT$12:$CU$326,2,0) -> #N/A | DC47: =VLOOKUP(DA47,$CT$12:$CV$326,3,0) -> #N/A | DE47: 250 | DI47: Астра Смесь Краллен Акварель п.4450 уп | DJ47: =E47 -> 0 | DK47: =D47 -> 314 | DL47: =DK47*DJ47 -> 0 | DN47: 54 | GO47: =C47+2 -> 17.7 | GP47: =GO47*20 -> 354
A48: Астра смесь Ностальжи (Каприс) | B48: 1 | C48: 15.7 | D48: =C48*20 -> 314 | F48: =E48*D48 -> 0 | G48: 4607164065126 | I48: ц | DA48: Астра смесь Ностальжи (Каприс) | DB48: =VLOOKUP(DA48,$CT$12:$CU$326,2,0) -> #N/A | DC48: =VLOOKUP(DA48,$CT$12:$CV$326,3,0) -> #N/A | DE48: 250 | DI48: Астра Смесь Ностальжи п.4363 уп | DJ48: =E48 -> 0 | DK48: =D48 -> 314 | DL48: =DK48*DJ48 -> 0 | DN48: 56 | GO48: =C48+2 -> 17.7 | GP48: =GO48*20 -> 354
A49: Астра смесь Палермо (Каприс) | B49: 1 | C49: 15.7 | D49: =C49*20 -> 314 | F49: =E49*D49 -> 0 | G49: 4607164063559 | I49: ц | DA49: Астра смесь Палермо (Каприс) | DB49: =VLOOKUP(DA49,$CT$12:$CU$326,2,0) -> #N/A | DC49: =VLOOKUP(DA49,$CT$12:$CV$326,3,0) -> #N/A | DE49: 250 | DI49: Астра Смесь Палермо п.2465 уп | DJ49: =E49 -> 0 | DK49: =D49 -> 314 | DL49: =DK49*DJ49 -> 0 | DN49: 57 | GO49: =C49+2 -> 17.7 | GP49: =GO49*20 -> 354
A50: Астра смесь Пионовидных Махаон (Каприс) | B50: 1.5 | C50: 15.7 | D50: =C50*20 -> 314 | F50: =E50*D50 -> 0 | G50: 4607164060329 | I50: ц | DA50: Астра смесь Пионовидных Махаон (Каприс) | DB50: =VLOOKUP(DA50,$CT$12:$CU$326,2,0) -> #N/A | DC50: =VLOOKUP(DA50,$CT$12:$CV$326,3,0) -> #N/A | DE50: 250 | DI50: Астра Смесь Пионовидных (Махаон) п.4537 уп | DJ50: =E50 -> 0 | DK50: =D50 -> 314 | DL50: =DK50*DJ50 -> 0 | DN50: 58 | GO50: =C50+2 -> 17.7 | GP50: =GO50*20 -> 354
A51: Астра смесь Превосходная (Каприс) | B51: 1 | C51: 15.7 | D51: =C51*20 -> 314 | F51: =E51*D51 -> 0 | G51: 4607164064471 | I51: ц | DA51: Астра смесь Превосходная (Каприс) | DB51: =VLOOKUP(DA51,$CT$12:$CU$326,2,0) -> #N/A | DC51: =VLOOKUP(DA51,$CT$12:$CV$326,3,0) -> #N/A | DE51: 250 | DI51: Астра Смесь Превосходная п.4582 уп | DJ51: =E51 -> 0 | DK51: =D51 -> 314 | DL51: =DK51*DJ51 -> 0 | DN51: 60 | GO51: =C51+2 -> 17.7 | GP51: =GO51*20 -> 354
A52: Астра смесь Принцесс Бал принцессы (Каприс) | B52: 1 | C52: 15.7 | D52: =C52*20 -> 314 | F52: =E52*D52 -> 0 | G52: 4607164060077 | I52: ц | DA52: Астра смесь Принцесс Бал принцессы (Каприс) | DB52: =VLOOKUP(DA52,$CT$12:$CU$326,2,0) -> #N/A | DC52: =VLOOKUP(DA52,$CT$12:$CV$326,3,0) -> #N/A | DE52: 250 | DI52: Астра Смесь Принцесса (Бал принцессы) п.4455 уп | DJ52: =E52 -> 0 | DK52: =D52 -> 314 | DL52: =DK52*DJ52 -> 0 | DN52: 61 | GO52: =C52+2 -> 17.7 | GP52: =GO52*20 -> 354
A53: Астра смесь Срезочных, Сказка (Каприс) | B53: 1.5 | C53: 15.7 | D53: =C53*20 -> 314 | F53: =E53*D53 -> 0 | G53: 4607164060497 | I53: ц | DA53: Астра смесь Срезочных, Сказка (Каприс) | DB53: =VLOOKUP(DA53,$CT$12:$CU$326,2,0) -> #N/A | DC53: =VLOOKUP(DA53,$CT$12:$CV$326,3,0) -> #N/A | DE53: 250 | DF53: 9463144 | DG53: 945 | DH53: СКАЗКА | DI53: Астра Смесь Срезочных сортов (Сказка) п.4451 уп | DJ53: =E53 -> 0 | DK53: =D53 -> 314 | DL53: =DK53*DJ53 -> 0 | DN53: 64 | GO53: =C53+2 -> 17.7 | GP53: =GO53*20 -> 354
A54: Астра смесь Турмов Маскарад (Каприс) | B54: 1.5 | C54: 15.7 | D54: =C54*20 -> 314 | F54: =E54*D54 -> 0 | G54: 4607164060244 | I54: ц | DA54: Астра смесь Турмов Маскарад (Каприс) | DB54: =VLOOKUP(DA54,$CT$12:$CU$326,2,0) -> #N/A | DC54: =VLOOKUP(DA54,$CT$12:$CV$326,3,0) -> #N/A | DE54: 250 | DI54: Астра Смесь Турмов (Маскарад) п.4377 уп | DJ54: =E54 -> 0 | DK54: =D54 -> 314 | DL54: =DK54*DJ54 -> 0 | DN54: 65 | GO54: =C54+2 -> 17.7 | GP54: =GO54*20 -> 354
A55: Астра смесь Уникум Звездный дождь (Каприс) | B55: 1.5 | C55: 15.7 | D55: =C55*20 -> 314 | F55: =E55*D55 -> 0 | G55: 4607164060206 | I55: ц | DA55: Астра смесь Уникум Звездный дождь (Каприс) | DB55: =VLOOKUP(DA55,$CT$12:$CU$326,2,0) -> #N/A | DC55: =VLOOKUP(DA55,$CT$12:$CV$326,3,0) -> #N/A | DE55: 250 | DI55: Астра Смесь Уникум (Звёздный дождь) п.4536 уп | DJ55: =E55 -> 0 | DK55: =D55 -> 314 | DL55: =DK55*DJ55 -> 0 | DN55: 66 | GO55: =C55+2 -> 17.7 | GP55: =GO55*20 -> 354
A56: Астра смесь Элиза (см.низкорослых ) (Каприс) | B56: 0.7 | C56: 15.7 | D56: =C56*20 -> 314 | F56: =E56*D56 -> 0 | G56: 4607164062651 | I56: ц | DA56: Астра смесь Элиза (см.низкорослых ) (Каприс) | DB56: =VLOOKUP(DA56,$CT$12:$CU$326,2,0) -> #N/A | DC56: =VLOOKUP(DA56,$CT$12:$CV$326,3,0) -> #N/A | DE56: 250 | DI56: Астра Смесь Элиза низкоросл. п.4375 уп | DJ56: =E56 -> 0 | DK56: =D56 -> 314 | DL56: =DK56*DJ56 -> 0 | DN56: 67 | GO56: =C56+2 -> 17.7 | GP56: =GO56*20 -> 354
A57: Астра смесь Язычковых Павлиний хвост (Каприс) | B57: 1.5 | C57: 15.7 | D57: =C57*20 -> 314 | F57: =E57*D57 -> 0 | G57: 4607164060381 | I57: ц | DB57: =VLOOKUP(DA57,$CT$12:$CU$326,2,0) -> #N/A | DC57: =VLOOKUP(DA57,$CT$12:$CV$326,3,0) -> #N/A | DI57: Астра Смесь Язычковых (Павлиний хвост) п.4454 уп | DJ57: =E57 -> 0 | DK57: =D57 -> 314 | DL57: =DK57*DJ57 -> 0 | DN57: 68 | GO57: =C57+2 -> 17.7 | GP57: =GO57*20 -> 354
A58: Астра смесь Ярмарка (Каприс) | B58: 2 | C58: 15.7 | D58: =C58*20 -> 314 | F58: =E58*D58 -> 0 | G58: 4607164063573 | I58: ц | DA58: Астра смесь Ярмарка (Каприс) | DB58: =VLOOKUP(DA58,$CT$12:$CU$326,2,0) -> #N/A | DC58: =VLOOKUP(DA58,$CT$12:$CV$326,3,0) -> #N/A | DE58: 250 | DI58: Астра Смесь Ярмарка п.2469 уп | DJ58: =E58 -> 0 | DK58: =D58 -> 314 | DL58: =DK58*DJ58 -> 0 | DN58: 69 | GO58: =C58+2 -> 17.7 | GP58: =GO58*20 -> 354
A59: Астра Снежная королева (Каприс) | B59: 1 | C59: 15.7 | D59: =C59*20 -> 314 | F59: =E59*D59 -> 0 | G59: 4607164064440 | I59: ц | DA59: Астра Снежная королева (Каприс) | DB59: =VLOOKUP(DA59,$CT$12:$CU$326,2,0) -> #N/A | DC59: =VLOOKUP(DA59,$CT$12:$CV$326,3,0) -> #N/A | DE59: 250 | DI59: Астра Снежная королева п.3128 уп | DJ59: =E59 -> 0 | DK59: =D59 -> 314 | DL59: =DK59*DJ59 -> 0 | DN59: 71 | GO59: =C59+2 -> 17.7 | GP59: =GO59*20 -> 354
A60: Астра Флоренция (Каприс) | B60: 0.3 | C60: 15.7 | D60: =C60*20 -> 314 | F60: =E60*D60 -> 0 | G60: 4607164063085 | I60: ц | DA60: Астра Флоренция (Каприс) | DB60: =VLOOKUP(DA60,$CT$12:$CU$326,2,0) -> #N/A | DC60: =VLOOKUP(DA60,$CT$12:$CV$326,3,0) -> #N/A | DE60: 250 | DI60: Астра Флоренция п.4365 уп | DJ60: =E60 -> 0 | DK60: =D60 -> 314 | DL60: =DK60*DJ60 -> 0 | DN60: 73 | GO60: =C60+2 -> 17.7 | GP60: =GO60*20 -> 354
A61: Астра Фонтебло (Каприс) | B61: 1 | C61: 15.7 | D61: =C61*20 -> 314 | F61: =E61*D61 -> 0 | G61: 4607164060572 | I61: ц | DA61: Астра Фонтебло (Каприс) | DB61: =VLOOKUP(DA61,$CT$12:$CU$326,2,0) -> #N/A | DC61: =VLOOKUP(DA61,$CT$12:$CV$326,3,0) -> #N/A | DE61: 250 | DI61: Астра Фонтебло п.4446 уп | DJ61: =E61 -> 0 | DK61: =D61 -> 314 | DL61: =DK61*DJ61 -> 0 | DN61: 74 | GO61: =C61+2 -> 17.7 | GP61: =GO61*20 -> 354
A62: Астра Франсуаза бело-малиновая (Каприс) | B62: 0.5 | C62: 15.7 | D62: =C62*20 -> 314 | F62: =E62*D62 -> 0 | G62: 4607164066406 | I62: ц | DA62: Астра Франсуаза бело-малиновая | DB62: =VLOOKUP(DA62,$CT$12:$CU$326,2,0) -> #N/A | DC62: =VLOOKUP(DA62,$CT$12:$CV$326,3,0) -> #N/A | DE62: 250 | DI62: Астра Франсуаза бело-малиновая п.2962 уп | DJ62: =E62 -> 0 | DK62: =D62 -> 314 | DL62: =DK62*DJ62 -> 0 | DN62: 75 | GO62: =C62+2 -> 17.7 | GP62: =GO62*20 -> 354
A63: Астра Хрустальная туфелька (Версаль) (Каприс) | B63: 0.5 | C63: 15.7 | D63: =C63*20 -> 314 | F63: =E63*D63 -> 0 | G63: 4607164063382 | I63: ц | DA63: Астра Хрустальная туфелька (Каприс) | DB63: =VLOOKUP(DA63,$CT$12:$CU$326,2,0) -> #N/A | DC63: =VLOOKUP(DA63,$CT$12:$CV$326,3,0) -> #N/A | DE63: 250 | DF63: 9359997 | DG63: 11126 | DI63: Астра Хрустальная туфелька п.4516 уп | DJ63: =E63 -> 0 | DK63: =D63 -> 314 | DL63: =DK63*DJ63 -> 0 | DN63: 77 | GO63: =C63+2 -> 17.7 | GP63: =GO63*20 -> 354
A64: Астра Эйфория лососевая (Каприс) | B64: 0.5 | C64: 15.7 | D64: =C64*20 -> 314 | F64: =E64*D64 -> 0 | G64: 4607164062972 | I64: ц | DA64: Астра Эйфория лососевая (Каприс) | DB64: =VLOOKUP(DA64,$CT$12:$CU$326,2,0) -> #N/A | DC64: =VLOOKUP(DA64,$CT$12:$CV$326,3,0) -> #N/A | DE64: 250 | DI64: Астра Эйфория лососевая п.4236 уп | DJ64: =E64 -> 0 | DK64: =D64 -> 314 | DL64: =DK64*DJ64 -> 0 | DN64: 79 | GO64: =C64+2 -> 17.7 | GP64: =GO64*20 -> 354
A65: Астра Эрфордия розовая (Каприс) | B65: 1 | C65: 15.7 | D65: =C65*20 -> 314 | F65: =E65*D65 -> 0 | G65: 4607164060565 | I65: ц | DA65: Астра Эрфордия розовая (Каприс) | DB65: =VLOOKUP(DA65,$CT$12:$CU$326,2,0) -> #N/A | DC65: =VLOOKUP(DA65,$CT$12:$CV$326,3,0) -> #N/A | DE65: 250 | DF65: 9360000 | DG65: 11126 | DH65: МАГИЯ ЛЮБВИ | DI65: Астра Эрфордия Розовая п.3705 уп | DJ65: =E65 -> 0 | DK65: =D65 -> 314 | DL65: =DK65*DJ65 -> 0 | DN65: 81 | GO65: =C65+2 -> 17.7 | GP65: =GO65*20 -> 354
A66: Астра Яблунева (Каприс) | B66: 0.5 | C66: 15.7 | D66: =C66*20 -> 314 | F66: =E66*D66 -> 0 | G66: 4607164061869 | I66: ц | DA66: Астра Яблунева (Каприс) | DB66: =VLOOKUP(DA66,$CT$12:$CU$326,2,0) -> #N/A | DC66: =VLOOKUP(DA66,$CT$12:$CV$326,3,0) -> #N/A | DE66: 250 | DI66: Астра Яблунёва п.4541 уп | DJ66: =E66 -> 0 | DK66: =D66 -> 314 | DL66: =DK66*DJ66 -> 0 | DN66: 82 | GO66: =C66+2 -> 17.7 | GP66: =GO66*20 -> 354
A67: Базилик Лимонный (Россия) | B67: 1 | C67: 15.7 | D67: =C67*20 -> 314 | F67: =E67*D67 -> 0 | G67: 4607164067472 | H67: * | I67: о | DA67: Базилик Лимонный (Россия) | DB67: =VLOOKUP(DA67,$CT$12:$CU$326,2,0) -> #N/A | DC67: =VLOOKUP(DA67,$CT$12:$CV$326,3,0) -> #N/A | DE67: 260 | DI67: Базилик Лимонный п.4489 уп | DJ67: =E67 -> 0 | DK67: =D67 -> 314 | DL67: =DK67*DJ67 -> 0 | DN67: 83 | GO67: =C67+2 -> 17.7 | GP67: =GO67*20 -> 354
A68: Баклажан Каприс белый | B68: 10шт | C68: 15.7 | D68: =C68*20 -> 314 | F68: =E68*D68 -> 0 | G68: 4607164067335 | H68: * | I68: о | DA68: Баклажан Каприс белый | DB68: =VLOOKUP(DA68,$CT$12:$CU$326,2,0) -> #N/A | DC68: =VLOOKUP(DA68,$CT$12:$CV$326,3,0) -> #N/A | DE68: 260 | DI68: Баклажан Каприс п.4484 уп | DJ68: =E68 -> 0 | DK68: =D68 -> 314 | DL68: =DK68*DJ68 -> 0 | DN68: 84 | GO68: =C68+2 -> 17.7 | GP68: =GO68*20 -> 354
A69: Баклажан Рома F1 (Франция) | B69: 10шт | C69: 37.68 | D69: =C69*20 -> 753.6 | F69: =E69*D69 -> 0 | G69: 4607164064693 | H69: * | I69: о | DA69: Баклажан Рома F1(Нидерланды) | DB69: =VLOOKUP(DA69,$CT$12:$CU$326,2,0) -> #N/A | DC69: =VLOOKUP(DA69,$CT$12:$CV$326,3,0) -> #N/A | DE69: 624 | DI69: Баклажан Рома F1 п.4480 (Франция) уп | DJ69: =E69 -> 0 | DK69: =D69 -> 753.6 | DL69: =DK69*DJ69 -> 0 | DN69: 85 | GO69: =C69+2 -> 39.68 | GP69: =GO69*20 -> 793.6
A70: Баклажан Фабина F1(Нидерланды) | B70: 10шт | C70: 34.54 | D70: =C70*20 -> 690.8 | F70: =E70*D70 -> 0 | G70: 4607164062118 | H70: * | I70: о | DA70: Баклажан Фабина F1(Нидерланды) | DB70: =VLOOKUP(DA70,$CT$12:$CU$326,2,0) -> #N/A | DC70: =VLOOKUP(DA70,$CT$12:$CV$326,3,0) -> #N/A | DE70: 546 | DI70: Баклажан Фабина F1 п.4427 (Нидерланды) уп | DJ70: =E70 -> 0 | DK70: =D70 -> 690.8 | DL70: =DK70*DJ70 -> 0 | DN70: 86 | GO70: =C70+2 -> 36.54 | GP70: =GO70*20 -> 730.8
A71: Баклажан Эпик F1(Нидерланды) | B71: 10шт | C71: 36.11 | D71: =C71*20 -> 722.2 | F71: =E71*D71 -> 0 | G71: 4607164065973 | H71: * | I71: о | DA71: Баклажан Эпик F1(Нидерланды) | DB71: =VLOOKUP(DA71,$CT$12:$CU$326,2,0) -> #N/A | DC71: =VLOOKUP(DA71,$CT$12:$CV$326,3,0) -> #N/A | DE71: 546 | DI71: Баклажан Эпик F1 п.3836 (Нидерланды) уп | DJ71: =E71 -> 0 | DK71: =D71 -> 722.2 | DL71: =DK71*DJ71 -> 0 | DN71: 87 | GO71: =C71+2 -> 38.11 | GP71: =GO71*20 -> 762.2
A72: Бальзамин Розовые грёзы смесь (Каприс) | B72: 1 | C72: 15.7 | D72: =C72*20 -> 314 | F72: =E72*D72 -> 0 | G72: 4607164060596 | I72: ц | DA72: Бальзамин Розовые грёзы смесь | DB72: =VLOOKUP(DA72,$CT$12:$CU$326,2,0) -> #N/A | DC72: =VLOOKUP(DA72,$CT$12:$CV$326,3,0) -> #N/A | DE72: 250 | DI72: Бальзамин Розовые грёзы смесь п.4341 уп | DJ72: =E72 -> 0 | DK72: =D72 -> 314 | DL72: =DK72*DJ72 -> 0 | DN72: 88 | GO72: =C72+2 -> 17.7 | GP72: =GO72*20 -> 354
A73: Бархатцы Канарейка (Каприс) | B73: 0.3 | C73: 17.27 | D73: =C73*20 -> 345.4 | F73: =E73*D73 -> 0 | G73: 4607164061708 | I73: ц | DA73: Бархатцы Канарейка (Германия) | DB73: =VLOOKUP(DA73,$CT$12:$CU$326,2,0) -> #N/A | DC73: =VLOOKUP(DA73,$CT$12:$CV$326,3,0) -> #N/A | DE73: 270 | DI73: Бархатцы Канарейка п.4373 уп | DJ73: =E73 -> 0 | DK73: =D73 -> 345.4 | DL73: =DK73*DJ73 -> 0 | DN73: 90 | GO73: =C73+2 -> 19.27 | GP73: =GO73*20 -> 385.4
A74: Бархатцы Миледи (Каприс) | B74: 0.3 | C74: 18.84 | D74: 240 | F74: =E74*D74 -> 0 | G74: 4607164062057 | I74: ц | DA74: Бархатцы Миледи (Каприс) | DB74: =VLOOKUP(DA74,$CT$12:$CU$326,2,0) -> #N/A | DC74: =VLOOKUP(DA74,$CT$12:$CV$326,3,0) -> #N/A | DF74: 9154981 | DG74: 11126 | DI74: Бархатцы Миледи п.4546 уп | DJ74: =E74 -> 0 | DK74: =D74 -> 240 | DL74: =DK74*DJ74 -> 0 | DN74: 91 | GO74: =C74+2 -> 20.84 | GP74: =GO74*20 -> 416.8
A75: Бархатцы низкорослая смесь (Каприс) | B75: 0.3 | C75: 17.27 | D75: =C75*20 -> 345.4 | F75: =E75*D75 -> 0 | G75: 4607164062323 | I75: ц | DA75: Бархатцы низкорослая смесь (Германия) | DB75: =VLOOKUP(DA75,$CT$12:$CU$326,2,0) -> #N/A | DC75: =VLOOKUP(DA75,$CT$12:$CV$326,3,0) -> #N/A | DE75: 270 | DI75: Бархатцы низкоросл смесь п.4393 уп | DJ75: =E75 -> 0 | DK75: =D75 -> 345.4 | DL75: =DK75*DJ75 -> 0 | DN75: 92 | GO75: =C75+2 -> 19.27 | GP75: =GO75*20 -> 385.4
A76: Бархатцы смесь высокорослых (Каприс) | B76: 0.5 | C76: 17.27 | D76: =C76*20 -> 345.4 | F76: =E76*D76 -> 0 | G76: 4607164067205 | I76: ц | DA76: Бархатцы смесь высокорослых (Каприс) | DB76: =VLOOKUP(DA76,$CT$12:$CU$326,2,0) -> #N/A | DC76: =VLOOKUP(DA76,$CT$12:$CV$326,3,0) -> #N/A | DE76: 270 | DI76: Бархатцы смесь высокорослых п.4395 уп | DJ76: =E76 -> 0 | DK76: =D76 -> 345.4 | DL76: =DK76*DJ76 -> 0 | DN76: 94 | GO76: =C76+2 -> 19.27 | GP76: =GO76*20 -> 385.4
A77: Бархатцы Солнечные гиганты (Каприс) | B77: 0.5 | C77: 17.27 | D77: =C77*20 -> 345.4 | F77: =E77*D77 -> 0 | G77: 4607164060633 | I77: ц | DA77: Бархатцы Солнечные гиганты (Каприс) | DB77: =VLOOKUP(DA77,$CT$12:$CU$326,2,0) -> #N/A | DC77: =VLOOKUP(DA77,$CT$12:$CV$326,3,0) -> #N/A | DE77: 250 | DI77: Бархатцы Солнечные гиганты п.4392 уп | DJ77: =E77 -> 0 | DK77: =D77 -> 345.4 | DL77: =DK77*DJ77 -> 0 | DN77: 95 | GO77: =C77+2 -> 19.27 | GP77: =GO77*20 -> 385.4
A78: Василёк Мускусный Смесь (Каприс) | B78: 1 | C78: 15.7 | D78: =C78*20 -> 314 | F78: =E78*D78 -> 0 | G78: 4607164060640 | I78: ц | DA78: Василёк Мускусный Смесь (Каприс) | DB78: =VLOOKUP(DA78,$CT$12:$CU$326,2,0) -> #N/A | DC78: =VLOOKUP(DA78,$CT$12:$CV$326,3,0) -> #N/A | DE78: 250 | DF78: 9154982 | DG78: 11126 | DI78: Василек Мускус. Ароматное облако смесь п.4210 уп | DJ78: =E78 -> 0 | DK78: =D78 -> 314 | DL78: =DK78*DJ78 -> 0 | DN78: 96 | GO78: =C78+2 -> 17.7 | GP78: =GO78*20 -> 354
A79: Вьюнок Лазурит (Каприс) | B79: 1 | C79: 15.7 | D79: =C79*20 -> 314 | F79: =E79*D79 -> 0 | G79: 4607164060664 | I79: ц | DA79: Вьюнок Лазурит (Каприс) | DB79: =VLOOKUP(DA79,$CT$12:$CU$326,2,0) -> #N/A | DC79: =VLOOKUP(DA79,$CT$12:$CV$326,3,0) -> #N/A | DE79: 250 | DF79: 9253680 | DG79: 11126 | DI79: Вьюнок Голубой (Лазурит) п.3057 уп | DJ79: =E79 -> 0 | DK79: =D79 -> 314 | DL79: =DK79*DJ79 -> 0 | DN79: 98 | GO79: =C79+2 -> 17.7 | GP79: =GO79*20 -> 354
A80: Гайлардия Забава (Каприс) | B80: 0.3 | C80: 15.7 | D80: =C80*20 -> 314 | F80: =E80*D80 -> 0 | G80: 4607164061340 | I80: ц | DA80: Гайлардия Забава (Германия) | DB80: =VLOOKUP(DA80,$CT$12:$CU$326,2,0) -> #N/A | DC80: =VLOOKUP(DA80,$CT$12:$CV$326,3,0) -> #N/A | DE80: 250 | DF80: 9253681 | DG80: 11126 | DI80: Гайллардия Забава п.2924 (Германия) уп | DJ80: =E80 -> 0 | DK80: =D80 -> 314 | DL80: =DK80*DJ80 -> 0 | DN80: 99 | GO80: =C80+2 -> 17.7 | GP80: =GO80*20 -> 354
A81: Гвоздика Китайская смесь (Танец гейши) (Каприс) | B81: 0.5 | C81: 15.7 | D81: =C81*20 -> 314 | F81: =E81*D81 -> 0 | G81: 4607164060688 | I81: ц | DA81: Гвоздика Китайская смесь (Танец гейши) (Каприс) | DB81: =VLOOKUP(DA81,$CT$12:$CU$326,2,0) -> #N/A | DC81: =VLOOKUP(DA81,$CT$12:$CV$326,3,0) -> #N/A | DE81: 250 | DF81: 9253682 | DG81: 11126 | DI81: Гвоздика Китайская (Танец гейши) п.4143 уп | DJ81: =E81 -> 0 | DK81: =D81 -> 314 | DL81: =DK81*DJ81 -> 0 | DN81: 100 | GO81: =C81+2 -> 17.7 | GP81: =GO81*20 -> 354
A82: Гвоздика перистая махр.Лунное сияние (Каприс) | B82: 0.3 | C82: 15.7 | D82: =C82*20 -> 314 | F82: =E82*D82 -> 0 | G82: 4607164060695 | I82: ц | DA82: Гвоздика перистая махр.Лунное сияние (Каприс) | DB82: =VLOOKUP(DA82,$CT$12:$CU$326,2,0) -> #N/A | DC82: =VLOOKUP(DA82,$CT$12:$CV$326,3,0) -> #N/A | DE82: 250 | DI82: Гвоздика перистая махр.Лунное сияние п.4520 уп | DJ82: =E82 -> 0 | DK82: =D82 -> 314 | DL82: =DK82*DJ82 -> 0 | DN82: 101 | GO82: =C82+2 -> 17.7 | GP82: =GO82*20 -> 354
A83: Гвоздика Турецкая смесь (Каприс) | B83: 0.7 | C83: 17.27 | D83: =C83*20 -> 345.4 | F83: =E83*D83 -> 0 | G83: 4607164060671 | I83: ц | DA83: Гвоздика Турецкая смесь (Германия) | DB83: =VLOOKUP(DA83,$CT$12:$CU$326,2,0) -> #N/A | DC83: =VLOOKUP(DA83,$CT$12:$CV$326,3,0) -> #N/A | DE83: 270 | DF83: 9052962 | DG83: 11126 | DI83: Гвоздика Турецкая смесь (Восточный узор) п.4402 уп | DJ83: =E83 -> 0 | DK83: =D83 -> 345.4 | DL83: =DK83*DJ83 -> 0 | DN83: 102 | GO83: =C83+2 -> 19.27 | GP83: =GO83*20 -> 385.4
A84: Гипсофила белая Вьюга (Каприс) | B84: 0.5 | C84: 15.7 | D84: =C84*20 -> 314 | F84: =E84*D84 -> 0 | G84: 4607164060732 | I84: ц | DA84: Гипсофила белая Вьюга (Каприс) | DB84: =VLOOKUP(DA84,$CT$12:$CU$326,2,0) -> #N/A | DC84: =VLOOKUP(DA84,$CT$12:$CV$326,3,0) -> #N/A | DE84: 250 | DI84: Гипсофила белая Вьюга п.4346 уп | DJ84: =E84 -> 0 | DK84: =D84 -> 314 | DL84: =DK84*DJ84 -> 0 | DN84: 104 | GO84: =C84+2 -> 17.7 | GP84: =GO84*20 -> 354
A85: Гипсофила Розовая (Розовое облако) (Каприс) | B85: 1 | C85: 15.7 | D85: =C85*20 -> 314 | F85: =E85*D85 -> 0 | G85: 4607164060749 | I85: ц | DA85: Гипсофила Розовая (Розовое облако) (Каприс) | DB85: =VLOOKUP(DA85,$CT$12:$CU$326,2,0) -> #N/A | DC85: =VLOOKUP(DA85,$CT$12:$CV$326,3,0) -> #N/A | DE85: 250 | DF85: 9253683 | DG85: 11126 | DI85: Гипсофила Розовая (Розовое облако) п.3023 уп | DJ85: =E85 -> 0 | DK85: =D85 -> 314 | DL85: =DK85*DJ85 -> 0 | DN85: 105 | GO85: =C85+2 -> 17.7 | GP85: =GO85*20 -> 354
A86: Годеция Свадебный букет, смесь (Каприс) | B86: 0.3 | C86: 15.7 | D86: =C86*20 -> 314 | F86: =E86*D86 -> 0 | G86: 4607164060756 | I86: ц | DA86: Годеция Свадебный букет, смесь (Германия) | DB86: =VLOOKUP(DA86,$CT$12:$CU$326,2,0) -> #N/A | DC86: =VLOOKUP(DA86,$CT$12:$CV$326,3,0) -> #N/A | DE86: 250 | DF86: 9154984 | DG86: 11126 | DI86: Годеция Свадебный букет, смесь п.4457 уп | DJ86: =E86 -> 0 | DK86: =D86 -> 314 | DL86: =DK86*DJ86 -> 0 | DN86: 106 | GO86: =C86+2 -> 17.7 | GP86: =GO86*20 -> 354
A87: Горох сахарный Бутана (Германия) | B87: 8гр | C87: 15.7 | D87: =C87*20 -> 314 | F87: =E87*D87 -> 0 | G87: 4607164067830 | H87: * | I87: о | DA87: Горох сахарный Бутана (Германия) | DB87: =VLOOKUP(DA87,$CT$12:$CU$326,2,0) -> #N/A | DC87: =VLOOKUP(DA87,$CT$12:$CV$326,3,0) -> #N/A | DI87: Горошек сахарный Бутана п.4588 (Германия) уп | DJ87: =E87 -> 0 | DK87: =D87 -> 314 | DL87: =DK87*DJ87 -> 0
A88: Горох сахарный Увертюра (Германия) | B88: 8гр | C88: 15.7 | D88: =C88*20 -> 314 | F88: =E88*D88 -> 0 | G88: 4607164065072 | H88: * | I88: о | CZ88: УП30202160 | DA88: Горох сахарный Увертюра (Германия) | DB88: =VLOOKUP(DA88,$CT$12:$CU$326,2,0) -> #N/A | DC88: =VLOOKUP(DA88,$CT$12:$CV$326,3,0) -> #N/A | DI88: Горошек сахарный Увертюра п.4586 (Германия) уп | DJ88: =E88 -> 0 | DK88: =D88 -> 314 | DL88: =DK88*DJ88 -> 0 | GO88: =C88+2 -> 17.7 | GP88: =GO88*20 -> 354
A89: Горох сахарный Фалкон (Германия) | B89: 8гр | C89: 15.7 | D89: =C89*20 -> 314 | F89: =E89*D89 -> 0 | G89: 4607164067816 | H89: * | I89: о | DA89: Горох сахарный Фалкон (Германия) | DB89: =VLOOKUP(DA89,$CT$12:$CU$326,2,0) -> #N/A | DC89: =VLOOKUP(DA89,$CT$12:$CV$326,3,0) -> #N/A | DI89: Горошек сахарный Фалкон п.4587 (Германия) уп | DJ89: =E89 -> 0 | DK89: =D89 -> 314 | DL89: =DK89*DJ89 -> 0
A90: Горошек сахарный Бутана (Германия) без ярлыка | B90: 50гр | C90: 94.2 | D90: 94 | F90: =E90*D90 -> 0 | G90: 4607164067847 | H90: , | I90: о | DA90: Горох сахарный Бутана (Германия) без ярлыка | DB90: =VLOOKUP(DA90,$CT$12:$CU$326,2,0) -> #N/A | DC90: =VLOOKUP(DA90,$CT$12:$CV$326,3,0) -> #N/A | DI90: Горошек сахарный Бутана п.4588 (Германия) (50гр) уп | DJ90: =E90 -> 0 | DK90: =D90 -> 94 | DL90: =DK90*DJ90 -> 0
A91: Горошек сахарный Увертюра (Германия) без ярлыка | B91: 50гр | C91: 94.2 | D91: 94 | F91: =E91*D91 -> 0 | G91: 4607164065928 | H91: , | I91: о | DA91: Горох сахарный Увертюра (Германия) без ярлыка | DB91: =VLOOKUP(DA91,$CT$12:$CU$326,2,0) -> #N/A | DC91: =VLOOKUP(DA91,$CT$12:$CV$326,3,0) -> #N/A | DI91: Горошек сахарный Увертюра п.4586 (Германия) (50гр) уп | DJ91: =E91 -> 0 | DK91: =D91 -> 94 | DL91: =DK91*DJ91 -> 0 | GO91: =C91+2 -> 96.2 | GP91: =GO91 -> 96.2
A92: Горошек сахарный Фалкон (Германия) без ярлыка | B92: 50гр | C92: 94.2 | D92: 94 | F92: =E92*D92 -> 0 | G92: 4607164067823 | H92: , | I92: о | DA92: Горох сахарный Фалкон (Германия) без ярлыка | DB92: =VLOOKUP(DA92,$CT$12:$CU$326,2,0) -> #N/A | DC92: =VLOOKUP(DA92,$CT$12:$CV$326,3,0) -> #N/A | DI92: Горошек сахарный Фалкон п.4587 (Германия) (50гр) уп | DJ92: =E92 -> 0 | DK92: =D92 -> 94 | DL92: =DK92*DJ92 -> 0
A93: Дельфиниум смесь Радуга (Каприс) | B93: 1 | C93: 15.7 | D93: =C93*20 -> 314 | F93: =E93*D93 -> 0 | G93: 4607164060770 | I93: ц | DA93: Дельфиниум смесь Радуга (Германия) | DB93: =VLOOKUP(DA93,$CT$12:$CU$326,2,0) -> #N/A | DC93: =VLOOKUP(DA93,$CT$12:$CV$326,3,0) -> #N/A | DE93: 250 | DF93: 9154986 | DG93: 11126 | DI93: Дельфиниум Смесь (Радуга) п.4089 уп | DJ93: =E93 -> 0 | DK93: =D93 -> 314 | DL93: =DK93*DJ93 -> 0 | DN93: 107 | GO93: =C93+2 -> 17.7 | GP93: =GO93*20 -> 354
A94: Диморфотека Янтарь (Каприс) | B94: 0.3 | C94: 15.7 | D94: =C94*20 -> 314 | F94: =E94*D94 -> 0 | G94: 4607164060787 | I94: ц | DB94: =VLOOKUP(DA94,$CT$12:$CU$326,2,0) -> #N/A | DC94: =VLOOKUP(DA94,$CT$12:$CV$326,3,0) -> #N/A | DI94: Диморфотека Янтарь п.4589 уп | DJ94: =E94 -> 0 | DK94: =D94 -> 314 | DL94: =DK94*DJ94 -> 0
A95: Иберис Белый (Снежный ковер) (Каприс) | B95: 1 | C95: 15.7 | D95: =C95*20 -> 314 | F95: =E95*D95 -> 0 | G95: 4607164060794 | I95: ц | DA95: Иберис Белый (Снежный ковер) (Каприс) | DB95: =VLOOKUP(DA95,$CT$12:$CU$326,2,0) -> #N/A | DC95: =VLOOKUP(DA95,$CT$12:$CV$326,3,0) -> #N/A | DE95: 250 | DF95: 9253684 | DG95: 11126 | DI95: Иберис Белый (Снежный ковер) п.4216 уп | DJ95: =E95 -> 0 | DK95: =D95 -> 314 | DL95: =DK95*DJ95 -> 0 | DN95: 108 | GO95: =C95+2 -> 17.7 | GP95: =GO95*20 -> 354
A96: Ипомея Синий бархат (Каприс) | B96: 1 | C96: 15.7 | D96: =C96*20 -> 314 | F96: =E96*D96 -> 0 | G96: 4607164061302 | I96: ц | DA96: Ипомея Синий бархат (Каприс) | DB96: =VLOOKUP(DA96,$CT$12:$CU$326,2,0) -> #N/A | DC96: =VLOOKUP(DA96,$CT$12:$CV$326,3,0) -> #N/A | DI96: Ипомея Синий бархат п.4571 уп | DJ96: =E96 -> 0 | DK96: =D96 -> 314 | DL96: =DK96*DJ96 -> 0 | DN96: 109 | GR96: =C96+2 -> 17.7 | GS96: =GR96*20 -> 354
A97: Кабачок Арал F1 (Франция) | B97: 3шт | C97: 28.26 | D97: =C97*20 -> 565.2 | F97: =E97*D97 -> 0 | G97: 4607164064334 | H97: * | I97: о | DA97: Кабачок Арал F1 (Франция) | DB97: =VLOOKUP(DA97,$CT$12:$CU$326,2,0) -> #N/A | DC97: =VLOOKUP(DA97,$CT$12:$CV$326,3,0) -> #N/A | DE97: 520 | DI97: Кабачок Арал п.3509 (Франция) уп | DJ97: =E97 -> 0 | DK97: =D97 -> 565.2 | DL97: =DK97*DJ97 -> 0 | DN97: 111 | GO97: =C97+2 -> 30.26 | GP97: =GO97*20 -> 605.2
A98: Кабачок Арал F1 (Франция)100шт.сем с ярлыком | B98: 100шт | C98: 750.46 | D98: 750 | F98: =E98*D98 -> 0 | G98: 4607164062668 | H98: , | I98: о | DB98: =VLOOKUP(DA98,$CT$116:$CU$116,2,0) -> #N/A | DC98: =VLOOKUP(DA98,$CT$116:$CV$116,3,0) -> #N/A | DI98: Кабачок Арал п.3509 100шт (Франция) уп | DJ98: =E98 -> 0 | DK98: =D98 -> 750 | DL98: =DK98*DJ98 -> 0 | DN98: 112 | GO98: =C98+2 -> 752.46 | GP98: =GO98 -> 752.46
A99: Кабачок Ардендо F1 (Нидерланды) | B99: 3шт | C99: 31.4 | D99: =C99*20 -> 628 | F99: =E99*D99 -> 0 | G99: 4607164062996 | H99: * | I99: о | DA99: Кабачок Ардендо F1 (Нидерланды) | DB99: =VLOOKUP(DA99,$CT$12:$CU$326,2,0) -> #N/A | DC99: =VLOOKUP(DA99,$CT$12:$CV$326,3,0) -> #N/A | DE99: 520 | DI99: Кабачок Ардендо п.3918 (Нидерланды) уп | DJ99: =E99 -> 0 | DK99: =D99 -> 628 | DL99: =DK99*DJ99 -> 0 | DN99: 113 | GO99: =C99+2 -> 33.4 | GP99: =GO99*20 -> 668
A100: Кабачок Ассо цуккини F1 (Сингента) | B100: 3шт | C100: 50.24 | D100: =C100*20 -> 1004.8 | F100: =E100*D100 -> 0 | G100: 4607164066659 | H100: * | I100: о | DB100: =VLOOKUP(DA100,$CT$12:$CU$326,2,0) -> #N/A | DC100: =VLOOKUP(DA100,$CT$12:$CV$326,3,0) -> #N/A | DI100: Кабачок Ассо F1 п.4293 (Сингента) уп | DJ100: =E100 -> 0 | DK100: =D100 -> 1004.8 | DL100: =DK100*DJ100 -> 0 | DN100: 114 | GO100: =C100+2 -> 52.24 | GP100: =GO100*20 -> 1044.8
A101: Кабачок Байкал F1 (Франция) | B101: 3шт | C101: 32.97 | D101: =C101*20 -> 659.4 | F101: =E101*D101 -> 0 | G101: 4607164066017 | H101: * | I101: о | DA101: Кабачок Байкал F1 (Нидерланды) | DB101: =VLOOKUP(DA101,$CT$12:$CU$326,2,0) -> #N/A | DC101: =VLOOKUP(DA101,$CT$12:$CV$326,3,0) -> #N/A | DE101: 676 | DI101: Кабачок Байкал F1 п.3855 (Франция) уп | DJ101: =E101 -> 0 | DK101: =D101 -> 659.4 | DL101: =DK101*DJ101 -> 0 | DN101: 115 | GO101: =C101+2 -> 34.97 | GP101: =GO101*20 -> 699.4
...

Sheet Лист2

Sheet Лист3
